 Dungeon Crawl Stone Soup version 0.29-a0-393-g47a863cc1b (webtiles) character file.

Game seed: 7637342990729395976

25 avis the Ruffian (level 3, -2/29 HPs)
             Began as a Hill Orc Transmuter on May 11, 2022.
             Slain by Terence
             ... wielding a +1 vorpal mace
              (8 damage)
             ... on level 2 of the Dungeon.
             The game lasted 00:05:08 (1768 turns).

avis the Ruffian (Hill Orc Transmuter)              Turns: 1768, Time: 00:05:08

Health: -2/29      AC:  2    Str: 14    XL:     3   Next: 4%
Magic:  2/5        EV: 12    Int: 13    God:
Gold:   97         SH:  0    Dex: 11    Spells: 1/5 levels left

rFire   . . .      SeeInvis .     - Unarmed
rCold   . . .      Faith    .   (no shield)
rNeg    . . .      Spirit   .   a - +0 robe
rPois   .          Reflect  .   (helmet currently unavailable)
rElec   .          Harm     .   (no cloak)
rCorr   .          Rampage  .   (no gloves)
Will    .....                   (boots currently unavailable)
Stlth   +.........              (no amulet)
HPRegen 0.09/turn               (no ring)
MPRegen 0.09/turn               (no ring)

@: appendages (expiring)
A: horns 2, talons 2
a: End Transformation


You were on level 2 of the Dungeon.
You had temporarily grown beastly horns and talons.
You visited 1 branch of the dungeon, and saw 2 of its levels.

You collected 97 gold pieces.

Inventory:

Hand Weapons
 b - a +0 hunting sling
Missiles
 j - a throwing net
Armour
 a - a +0 robe (worn)
Jewellery
 e - a ring of fire
Scrolls
 c - a scroll of identify {unknown}
 d - a scroll of teleportation {unknown}
 i - a scroll of enchant armour {unknown}
Potions
 f - 2 potions of curing {unknown}
 g - a potion of heal wounds {unknown}
 h - a potion of invisibility {unknown}
 k - a potion of lignification


   Skills:
 + Level 2.0 Fighting
 + Level 1.9 Dodging
 * Level 4.0 Unarmed Combat
 - Level 1.5 Spellcasting
 - Level 1.3 Transmutations
 + Level 0.0 Poison Magic


You had one spell level left.
You knew the following spells:

 Your Spells              Type           Power      Damage    Failure   Level
a - Beastly Appendage     Tmut           8%         N/A       16%         1
p - Spider Form           Tmut/Pois      2%         N/A       52%         3

Your spell library contained the following spells:

 Spells                   Type           Power      Damage    Failure   Level
 Wereblood                Tmut           4%         N/A       22%         2
 Ice Form                 Ice/Tmut       2%         N/A       89%         4


Dungeon Overview and Level Annotations

Branches:
Dungeon (2/15)

Altars:

Annotations:
D:2 Terence


Innate Abilities, Weirdness & Mutations

You have temporarily grown beastly horns and talons.


Message History

The spell is extremely dangerous to miscast (52% risk of failure)!
Continue anyway?
You turn into a venomous arachnid creature.
Your +0 robe melds into your body.
Your transformation is almost over.
You climb downwards.
Level annotation: Terence
There is a stone staircase leading up here.
Terence shouts!
Your transformation has ended.
Your +0 robe unmelds from your body.
Terence hits you with a +1 vorpal mace!
Casting: Spider Form (extremely dangerous; 52% risk of failure)
Confirm with . or Enter, or press ? or * to list all spells.
You grow a pair of large bovine horns.
Your feet morph into talons.
Terence closely misses you.
You barely miss Terence. Your kick misses Terence.
Terence screams, "I'm going to kill you!"
Terence hits you with a +1 vorpal mace.
You barely miss Terence.
Your transformation is almost over.
Terence misses you.
You closely miss Terence. You claw Terence.
You headbutt Terence, but do no damage.
Terence is lightly wounded.
Terence hits you with a +1 vorpal mace.
You hit Terence.
Terence is lightly wounded.
Terence barely misses you.
You hit Terence. You claw Terence, but do no damage.
Your headbutt misses Terence.
Terence is moderately wounded.
Terence hits you with a +1 vorpal mace.
You hit Terence. You claw Terence, but do no damage.
Terence is heavily wounded.
Terence hits you with a +1 vorpal mace.
* * * LOW HITPOINT WARNING * * *
x2 You hit Terence but do no damage.
You claw Terence. Your headbutt misses Terence.
Terence is heavily wounded.
Terence hits you with a +1 vorpal mace!
You die...

# .# ..# # # ...# ..
....######## ....# ..
.......<...####.....#
..
....######...@@.....#
... ######.....# ...
....# ... ...# ...
..# ##. ## # .!


You could see Terence.

Vanquished Creatures
  A worm (D:2)
  A dart slug (D:1)
  2 bats (D:1)
  2 hobgoblins (D:1)
  4 jackals (D:1)
  2 ball pythons (D:2)
  A frilled lizard (D:2)
  4 goblins
  2 kobolds (D:1)
19 creatures vanquished.

Notes
Turn   | Place    | Note
-------+----------+-------------------------------------------
     0 | D:1      | avis the Hill Orc Transmuter began the quest for the Orb.
     0 | D:1      | Reached XP level 1. HP: 16/16 MP: 3/3
   138 | D:1      | Reached XP level 2. HP: 8/23 MP: 2/4
  1049 | D:2      | Noticed Terence
  1527 | D:2      | Reached skill level 4 in Unarmed Combat
  1527 | D:2      | Reached XP level 3. HP: 29/29 MP: 3/5
  1571 | D:1      | Learned a level 3 spell: Spider Form
  1768 | D:2      | Slain by Terence

Illustrated notes

Levels and vault maps discovered:
D:1:      dpeg_arrival_rooms_c, layout_loops_cross, minmay_tripent
D:2:      layout_rooms, grunt_decor_resistance, minmay_tromino_i2, uniq_terence

Skill      XL: |  1  2 |
---------------+-------+-----
Fighting       | 2 |  2.0
Unarmed Combat | 4 |  4.0
Dodging        | |  1.9
Spellcasting   | |  1.5
Transmutations | |  1.3

Action                   || total
-------------------------++-------
Melee: Unarmed           ||    74
       Kick              ||    19
       Headbutt          ||     9
       Punch             ||     2
 Cast: Beastly Appendage ||    20
       Spider Form       ||     1
 Stab: Sleeping          ||     1
Armor: Robe              ||     5
Dodge: Dodged            ||    39

Table legend: (Time is in decaauts)
 A = Elapsed time spent in this place.
 B = Non-inter-level travel time spent in this place.
 C = Inter-level travel time spent in this place.
 D = Time resting spent in this place.
 E = Time spent auto-exploring this place.
 F = Levels seen in this place.
 G = Mean time per level.
                   A        B        C        D        E       F      G
               +--------+--------+--------+--------+--------+-----+--------+
         Total |   1767 |   1685 |     82 |    941 |    525 |   2 |  883.5 |
       Dungeon |   1767 |   1685 |     82 |    941 |    525 |   2 |  883.5 |
               +--------+--------+--------+--------+--------+-----+--------+

Top non-repeatable levels by time:
     D:1: 1656 daAuts
     D:2: 111 daAuts
